 Dungeon Crawl Stone Soup version 0.28.0 (webtiles) character file.

Game seed: 14670999767632804765

354 bande the Covered (level 6, -9/38 HPs)
             Began as a Gargoyle Fighter on Feb 6, 2022.
             Mangled by an ogre (11 damage)
             ... on level 3 of the Dungeon.
             The game lasted 00:06:12 (4625 turns).

bande the Covered (Gargoyle Fighter)                Turns: 4625, Time: 00:06:13

Health: -9/38      AC: 16    Str: 19    XL:     6   Next: 62%
Magic:  6/6        EV:  9    Int:  9    God:
Gold:   183        SH:  4    Dex: 11    Spells: 5/5 levels left

rFire   . . .      SeeInvis .   a - +1 war axe
rCold   . . .      Faith    .   c - +0 buckler
rNeg    + . .      Spirit   .   b - +0 scale mail
rPois   ∞          Reflect  .   i - +0 helmet
rElec   +          Harm     .   e - +2 cloak
rCorr   .          Rampage  .   (no gloves)
Will    .....                   (no boots)
Stlth   ..........              (no amulet)
HPRegen 0.12/turn               (no ring)
MPRegen 0.10/turn               (no ring)

@: no status effects
A: sickness immunity, AC +4, negative energy resistance 1, electricity
resistance, torment resistance 1, petrification resistance
a: no special abilities


You were on level 3 of the Dungeon.
You visited 1 branch of the dungeon, and saw 4 of its levels.

You collected 183 gold pieces.

Inventory:

Hand Weapons
 a - a +1 war axe (weapon)
 k - a +1 vorpal mace
Armour
 b - a +0 scale mail (worn)
 c - a +0 buckler (worn)
 e - a +2 cloak (worn)
 i - a +0 helmet (worn)
 m - an orb of mayhem
Scrolls
 l - a scroll of blinking {unknown}
Potions
 d - a potion of might
 f - a potion of ambrosia
 g - a potion of flight
 h - a potion of curing


   Skills:
 + Level 4.3 Fighting
 + Level 4.5 Axes
 + Level 4.5 Armour
 + Level 4.2 Shields


You had 5 spell levels left.
You didn't know any spells.
Your spell library contained the following spells:

 Spells                   Type           Power      Damage    Failure   Level
 Foxfire                  Conj/Fire      0%         2x1d4     83%         1
 Conjure Flame            Conj/Fire      0%         6-21      99%         3
 Inner Flame              Hex/Fire       0%         N/A       99%         3
 Flame Wave               Conj/Fire      0%         2d4       100%        4
 Summon Lightning Spire   Summ/Air       0%         N/A       100%        4
 Storm Form               Tmut/Air       0%         N/A       100%        7
 Maxwell's Capacitive Co  Air            0%         ∞         100%        8


Dungeon Overview and Level Annotations

Branches:
Dungeon (4/15)
 Temple: D:4-7

Altars:
Cheibriados
Xom
Yredelemnul

Shops:
D:2 [


Innate Abilities, Weirdness & Mutations

You are immune to sickness and miasma.
Your stone body is resilient. (AC +4)
You are immune to poison.
You resist negative energy. (rN+)
You are resistant to electric shocks. (rElec)
You are resistant to unholy torment.
You are immune to petrification.


Message History

HP restored.
There is a stone staircase leading down here.
You climb downwards.
The scorpion stings you. The ogre closely misses you.
You block the scorpion's attack.
There is a stone staircase leading up here.
Unknown command.
The scorpion stings you but does no damage.
The ogre closely misses you.
You climb upwards.
There is a stone staircase leading down here.
Unknown command.
You closely miss the ogre. You closely miss the scorpion.
The scorpion barely misses you. The ogre hits you with a +0 giant club!
The scorpion barely misses you.
You barely miss the ogre. You slash the scorpion!
You block the scorpion's attack. The ogre hits you but does no damage.
You barely miss the ogre. You hit the scorpion.
The scorpion stings you but does no damage.
The ogre closely misses you.
The scorpion stings you but does no damage.
You slash the ogre!
The ogre is moderately wounded.
You hit the scorpion. The scorpion completely misses you.
The ogre hits you with a +0 giant club!!
Ouch! That really hurt!
* * * LOW HITPOINT WARNING * * *
You hit the ogre.
The ogre is moderately wounded.
You hit the scorpion.
You kill the scorpion!
The ogre hits you with a +0 giant club.
* * * LOW HITPOINT WARNING * * *
You feel much better.
The ogre hits you with a +0 giant club!!
Ouch! That really hurt!
* * * LOW HITPOINT WARNING * * *
You barely miss the ogre.
The ogre is moderately wounded.
The ogre hits you with a +0 giant club!
You die...

#.#.###.# ##.#####.# #†#.#....
#.......## #........# #.#.#....
.........# ##...##### #.#######
####.##### ##.## #.##..... #.#
#.# #....#### ####.##########.#
#####.# ...#.#.......##'## #.#
...#.#.......#.O.## ####.#
####.#######....@†## ##.##.#
#.# #.......## ##.#.#.#
##.#######........####.###..###
#....)..'.........+...## ##....
##...####.........##.## #...##
#..## ##.......####.## ##.##
#.## ##.....## ##.###.## ##.#
##...## ##.#.## #..# ##+##
##.##


You could see an ogre.

Vanquished Creatures
  A scorpion (D:3)
  Crazy Yiuf (D:2)
  Jessica (D:2)
  An iguana (D:4)
  Robin (D:1)
  3 gnolls
  6 adders
  4 worms
  6 dart slugs
  2 orcs (D:3)
  8 ball pythons
  7 bats
  6 endoplasms
  5 giant cockroaches
  15 goblins
  9 hobgoblins
  7 jackals
  4 kobolds
  2 quokkas
  A frilled lizard (D:3)
  8 rats
98 creatures vanquished.

Vanquished Creatures (others)
  A fungus (D:2)
  A plant (D:1)
2 creatures vanquished.

Grand Total: 100 creatures vanquished

Notes
Turn   | Place    | Note
-------+----------+-------------------------------------------
     0 | D:1      | bande the Gargoyle Fighter began the quest for the Orb.
     0 | D:1      | Reached XP level 1. HP: 14/14 MP: 1/1
    15 | D:1      | Found a faded altar of an unknown god.
    70 | D:1      | Reached XP level 2. HP: 12/19 MP: 2/2
   470 | D:1      | Reached XP level 3. HP: 23/23 MP: 3/3
  1526 | D:2      | Reached XP level 4. HP: 24/29 MP: 4/4
  1808 | D:2      | Found Ymaitrae's Antique Armour Boutique.
  1811 | D:2      | Noticed Jessica
  1823 | D:2      | Killed Jessica
  1886 | D:2      | Noticed Robin
  2204 | D:1      | Reached XP level 5. HP: 27/33 MP: 5/5
  2359 | D:1      | Killed Robin
  2409 | D:2      | Found a runed translucent door.
  2410 | D:2      | Noticed Crazy Yiuf
  2580 | D:2      | Killed Crazy Yiuf
  2669 | D:3      | Found a snail-covered altar of Cheibriados.
  3913 | D:4      | Reached XP level 6. HP: 38/38 MP: 6/6
  4376 | D:4      | Found a basalt altar of Yredelemnul.
  4544 | D:4      | Found a shimmering altar of Xom.
  4625 | D:3      | Mangled by an ogre

Illustrated notes

Levels and vault maps discovered:
D:1:      sevenhm_arrival_forest_fort_small_3, layout_basic,
          chequers_ecumenical_altar_island, hex_intersection
D:2:      layout_basic, serial_shops, nicolae_shop_advertising_works
          [nicolae_subvault_shop_adworks], uniq_crazy_yiuf_cottage, uniq_robin,
          uniq_jessica
D:3:      layout_loops_corners, mainiacjoe_overflow_tiny_flanked,
          serial_co_window_serial, co_window_paths_a, co_window_corner_a,
          co_window_paths_a, co_window_paths_a, co_window_paths_a,
          co_window_corner_b, co_window_of_opportunity_c, co_window_corner_b,
          co_window_unsneaky_path_a, co_window_corner_b, co_window_corner_cb,
          glass_columns_a, minmay_bisected
D:4:      layout_loops_ring, xom_confusion_cloud, mainiacjoe_overflow_24_doors

Skill      XL: |  1  2  3  4  5 |
---------------+----------------+-----
Axes           | 2 3 4 |  4.5
Shields        | 4 |  4.2
Fighting       | 4 |  4.3
Armour         | 4 |  4.5

Action                   |  1- 3 |  4- 6 || total
-------------------------+-------+-------++-------
Melee: War axe           |   111 |   212 ||   323
  Use: Scroll            |     1 |     7 ||     8
       Potion            |       |     1 ||     1
Armor: Scale mail        |    80 |   128 ||   208
Dodge: Dodged            |    50 |   118 ||   168
Block: Buckler           |    27 |    50 ||    77
